XFBL
NEW YORK METS @ SAN DIEGO PADRES
04/27/1982
 
TOP OF THE 1ST
New York Mets batting - Pitching for San Diego Padres : RHP Skip Lockwood
Pitching: RHP Skip Lockwood
Batting: LHB John Kruk 0-0: Foul Ball, location: 2F
0-1: Ball
1-1: Ball
2-1: Ball
3-1: SINGLE (Line Drive, 9S, EV 93.8 MPH)
Batting: RHB Gary Redus 0-0: Called Strike
0-1: Called Strike
0-2: Ball
1-2: Strikes out swinging
Batting: LHB Lyman Bostock 0-0: Ball
John Kruk is caught stealing 2nd base 2-6
1-0: Called Strike
1-1: Fly out, F7 (Line Drive, 7S, EV 111.3 MPH)
Top of the 1st over - 0 runs, 1 hit, 0 errors, 0 left on base; New York 0 - San Diego 0
BOTTOM OF THE 1ST
San Diego Padres batting - Pitching for New York Mets : RHP Benjamin Ochoa
Pitching: RHP Benjamin Ochoa
Batting: RHB Bob Dernier 0-0: Called Strike
0-1: Bunt for hit to P - play at first, batter OUT! 1-3
Batting: RHB Dave Edler 0-0: Swinging Strike
0-1: Called Strike
0-2: DOUBLE (Flyball, 89D, EV 91.9 MPH)
Batting: RHB Dennis Dungy 0-0: Ball
1-0: Ball
2-0: Called Strike
2-1: Foul Ball, location: 2F
2-2: Foul Ball, location: 2F
2-2: Foul Ball, location: 2F
2-2: Ball
3-2: SINGLE (Line Drive, 9LS, EV 102.5 MPH)
Dave Edler to third
Runner from 3rd tries for Home, SAFE, throw by RF to home
Batting: RHB Kelvin Moore 0-0: Ball
1-0: SINGLE (Groundball, 56D, EV 104.4 MPH)
Dennis Dungy to second
Batting: LHB Jerry McDonald 0-0: Foul Ball, location: 2F
0-1: Ball
1-1: Ball
2-1: Ball
3-1: Foul Ball, location: 2F
3-2: Strikes out swinging
Batting: LHB Darrell Porter 0-0: Called Strike
0-1: Foul Ball, location: 2F
0-2: Foul Ball, location: 2F
0-2: Strikes out looking
Bottom of the 1st over - 1 run, 3 hits, 0 errors, 2 left on base; New York 0 - San Diego 1
TOP OF THE 2ND
New York Mets batting - Pitching for San Diego Padres : RHP Skip Lockwood
Batting: RHB Garry Maddox 0-0: Ball
1-0: Foul Ball, location: 2F
1-1: Called Strike
1-2: Foul Ball, location: 2F
1-2: Ball
2-2: Fly out, F9 (Flyball, 9, EV 81.3 MPH)
Batting: SHB Ken Singleton 0-0: Ball
1-0: Called Strike
1-1: SINGLE (Flyball, 56D, EV 85.6 MPH) - OUT at second base trying to stretch hit.
Batting: RHB Jason Sickman 0-0: Ground out 6-3 (Groundball, 6, EV 88.8 MPH)
Top of the 2nd over - 0 runs, 1 hit, 0 errors, 0 left on base; New York 0 - San Diego 1
BOTTOM OF THE 2ND
San Diego Padres batting - Pitching for New York Mets : RHP Benjamin Ochoa
Batting: RHB Mike Calise 0-0: Ball
1-0: Ball
2-0: Foul Ball, location: 2F
2-1: Called Strike
2-2: Foul Ball, location: 2F
2-2: Ball
3-2: Foul Ball, location: 2F
3-2: Hit by Pitch
Batting: LHB Jeffrey Zitek 0-0: Ball
1-0: Fielders Choice at 2nd, 6-4 (Groundball, 6, EV 86.3 MPH)
Batting: RHB Skip Lockwood 0-0: Ball
Jeffrey Zitek steals 2nd base
1-0: Called Strike
1-1: Called Strike
1-2: Foul Ball, location: 2F
1-2: Strikes out swinging
Batting: RHB Bob Dernier 0-0: Ground out 5-3 (Groundball, 5L, EV 87.5 MPH)
Bottom of the 2nd over - 0 runs, 0 hits, 0 errors, 1 left on base; New York 0 - San Diego 1
TOP OF THE 3RD
New York Mets batting - Pitching for San Diego Padres : RHP Skip Lockwood
Batting: RHB Bill Almon 0-0: Bunted foul
0-1: Ground out 4-3 (Groundball, 4, EV 88.1 MPH)
Batting: RHB Rick Burleson 0-0: Foul Ball, location: 2F
0-1: Ball
1-1: Foul Ball, location: 2F
1-2: Fly out, F7 (Line Drive, 7, EV 87.5 MPH)
Batting: RHB Benjamin Ochoa 0-0: Called Strike
0-1: Swinging Strike
0-2: Foul Ball, location: 2F
0-2: Ball
1-2: Strikes out looking
Top of the 3rd over - 0 runs, 0 hits, 0 errors, 0 left on base; New York 0 - San Diego 1
BOTTOM OF THE 3RD
San Diego Padres batting - Pitching for New York Mets : RHP Benjamin Ochoa
Batting: RHB Dave Edler 0-0: Foul Ball, location: 2F
0-1: Ball
1-1: Called Strike
1-2: Fly out, F6 (Line Drive, 6, EV 68.1 MPH)
Batting: RHB Dennis Dungy 0-0: Ball
1-0: Foul Ball, location: 2F
1-1: Called Strike
1-2: Strikes out looking
Batting: RHB Kelvin Moore 0-0: Ball
1-0: Ball
2-0: DOUBLE (Groundball, 5L, EV 101.3 MPH)
Batting: LHB Jerry McDonald 0-0: Ball
1-0: Fly out, F7 (Flyball, 7LM, EV 88.1 MPH)
Bottom of the 3rd over - 0 runs, 1 hit, 0 errors, 1 left on base; New York 0 - San Diego 1
TOP OF THE 4TH
New York Mets batting - Pitching for San Diego Padres : RHP Skip Lockwood
Batting: LHB John Kruk 0-0: Foul Ball, location: 2F
0-1: Swinging Strike
0-2: Ball
1-2: Ball
2-2: Foul Ball, location: 2F
2-2: Foul Ball, location: 2F
2-2: Strikes out swinging
Batting: RHB Gary Redus 0-0: Foul Ball, location: 2F
0-1: Ball
1-1: Fly out, F4 (Popup, 3D, EV 64.4 MPH)
Batting: LHB Lyman Bostock 0-0: Foul Ball, location: 2F
0-1: Ground out 4-3 (Groundball, 4S, EV 93.1 MPH)
Top of the 4th over - 0 runs, 0 hits, 0 errors, 0 left on base; New York 0 - San Diego 1
BOTTOM OF THE 4TH
San Diego Padres batting - Pitching for New York Mets : RHP Benjamin Ochoa
Batting: LHB Darrell Porter 0-0: Called Strike
0-1: Called Strike
0-2: Fly out, F7 (Flyball, 7LD, EV 81.3 MPH)
Batting: RHB Mike Calise 0-0: Ball
1-0: Ball
2-0: Ground out 5-3 (Groundball, 56, EV 92.5 MPH)
Batting: LHB Jeffrey Zitek 0-0: Foul Ball, location: 2F
0-1: Foul Ball, location: 2F
0-2: Ball
1-2: Ball
2-2: Strikes out swinging
Bottom of the 4th over - 0 runs, 0 hits, 0 errors, 0 left on base; New York 0 - San Diego 1
TOP OF THE 5TH
New York Mets batting - Pitching for San Diego Padres : RHP Skip Lockwood
Batting: RHB Garry Maddox 0-0: Fly out, F7 (Line Drive, 7, EV 91.9 MPH)
Batting: SHB Ken Singleton 0-0: SINGLE (Line Drive, 8LS, EV 91.9 MPH)
Batting: RHB Jason Sickman 0-0: Ball
1-0: DOUBLE (Flyball, 8LXD, EV 93.8 MPH)
Ken Singleton to third
Ken Singleton scores
Batting: RHB Bill Almon 0-0: Swinging Strike
0-1: Ball
1-1: Foul Ball, location: 2F
1-2: Ball
2-2: Ball
3-2: Ground out 6-3 (Groundball, 6M, EV 104.4 MPH)
Jason Sickman to third
Batting: RHB Rick Burleson 0-0: Intentional Walk
Batting: RHB Benjamin Ochoa 0-0: Foul Ball, location: 2F
0-1: Called Strike
0-2: Ball
1-2: Foul Ball, location: 2F
1-2: Ball
2-2: Foul Ball, location: 2F
2-2: Strikes out swinging
Top of the 5th over - 1 run, 2 hits, 0 errors, 2 left on base; New York 1 - San Diego 1
BOTTOM OF THE 5TH
San Diego Padres batting - Pitching for New York Mets : RHP Benjamin Ochoa
Batting: RHB Skip Lockwood 0-0: Ball
1-0: Foul Ball, location: 2F
1-1: Ground out 5-3 (Groundball, 15, EV 78.1 MPH)
Batting: RHB Bob Dernier 0-0: Called Strike
0-1: Fly out, F4 (Flyball, 34D, EV 86.9 MPH)
Batting: RHB Dave Edler 0-0: Called Strike
0-1: Ball
1-1: Swinging Strike
1-2: Foul Ball, location: 2F
1-2: Fly out, F9 (Line Drive, 9, EV 96.9 MPH)
Bottom of the 5th over - 0 runs, 0 hits, 0 errors, 0 left on base; New York 1 - San Diego 1
TOP OF THE 6TH
New York Mets batting - Pitching for San Diego Padres : RHP Skip Lockwood
Batting: LHB John Kruk 0-0: Called Strike
0-1: Ball
1-1: Ball
2-1: Ball
3-1: Called Strike
3-2: Ground out 3-1 (Groundball, 34, EV 81.9 MPH)
Batting: RHB Gary Redus 0-0: Ball
1-0: Ground out 6-3 (Groundball, 6, EV 81.3 MPH)
Batting: LHB Lyman Bostock 0-0: Called Strike
0-1: Swinging Strike
0-2: Ground out 6-3 (Groundball, 6, EV 91.3 MPH)
Top of the 6th over - 0 runs, 0 hits, 0 errors, 0 left on base; New York 1 - San Diego 1
BOTTOM OF THE 6TH
San Diego Padres batting - Pitching for New York Mets : RHP Benjamin Ochoa
Batting: RHB Dennis Dungy 0-0: Called Strike
0-1: Foul Ball, location: 2F
0-2: Foul Ball, location: 2F
0-2: Ball
1-2: Strikes out swinging
Batting: RHB Kelvin Moore 0-0: Ball
1-0: Ball
2-0: Ground out 6-3 (Groundball, 6, EV 87.5 MPH)
Batting: LHB Jerry McDonald 0-0: Called Strike
0-1: Swinging Strike
0-2: Foul Ball, location: 2F
0-2: Ball
1-2: Ground out 5-3 (Groundball, 5, EV 91.9 MPH)
Bottom of the 6th over - 0 runs, 0 hits, 0 errors, 0 left on base; New York 1 - San Diego 1
TOP OF THE 7TH
New York Mets batting - Pitching for San Diego Padres : RHP Skip Lockwood
Batting: RHB Garry Maddox 0-0: Called Strike
0-1: Ball
1-1: Ball
2-1: Foul Ball, location: 2F
2-2: DOUBLE (Flyball, 8RXD, EV 100.0 MPH)
Batting: SHB Ken Singleton 0-0: Intentional Walk
Batting: RHB Jason Sickman 0-0: Ball
1-0: Called Strike
1-1: Ball
2-1: SINGLE (Line Drive, 34D, EV 95.6 MPH)
Garry Maddox to third
Ken Singleton to second
Runner from 3rd tries for Home, SAFE, throw by RF to home
Batting: RHB Bill Almon 0-0: Ball
1-0: Ball
2-0: Bunt - Flyout to 2R! F2
Batting: RHB Rick Burleson 0-0: Swinging Strike
0-1: Called Strike
0-2: Fielders Choice at 2nd, 6-4 (Groundball, 6, EV 82.5 MPH)
Ken Singleton to third
Pinch Hitting: LHB Alamazoo White 0-0: Ball
1-0: Foul Ball, location: 2F
1-1: Foul Ball, location: 2F
1-2: Fly out, F7 (Line Drive, 7, EV 101.3 MPH)
Top of the 7th over - 1 run, 2 hits, 0 errors, 2 left on base; New York 2 - San Diego 1
BOTTOM OF THE 7TH
San Diego Padres batting - Pitching for New York Mets : RHP Benjamin Ochoa
Pitching: RHP Matt Adams
Batting: LHB Darrell Porter 0-0: Ball
1-0: Ball
2-0: Swinging Strike
2-1: DOUBLE (Flyball, 78XD, EV 91.9 MPH)
Pinch Hitting: LHB Eric Attaway 0-0: Ball
1-0: Ball
2-0: Ball
3-0: Base on Balls
Batting: LHB Jeffrey Zitek 0-0: Swinging Strike
0-1: Foul Ball, location: 2F
0-2: Foul Ball, location: 2F
0-2: Ball
1-2: Foul Ball, location: 2F
1-2: Strikes out swinging
Batting: RHB Skip Lockwood 0-0: Bunted foul
0-1: Bunted foul
0-2: Ball
1-2: Sac Bunt to 13 - play at first, batter OUT! 1-4
Darrell Porter to third
Eric Attaway to second
Batting: RHB Bob Dernier 0-0: Ball
1-0: Called Strike
1-1: Ball
2-1: Ball
3-1: Foul Ball, location: 2F
3-2: Base on Balls
Batting: RHB Dave Edler 0-0: Swinging Strike
0-1: Foul Ball, location: 2F
0-2: Strikes out swinging
Bottom of the 7th over - 0 runs, 1 hit, 0 errors, 3 left on base; New York 2 - San Diego 1
TOP OF THE 8TH
New York Mets batting - Pitching for San Diego Padres : RHP Skip Lockwood
Now at 1B: Eric Attaway
Batting: LHB John Kruk 0-0: Ball
1-0: Ball
2-0: Ball
3-0: Ground out 4-3 (Groundball, 4, EV 96.3 MPH)
Batting: RHB Gary Redus 0-0: Called Strike
0-1: Fly out, F8 (Flyball, 89M, EV 75.0 MPH)
Batting: LHB Lyman Bostock 0-0: Ball
1-0: Ball
2-0: Ball
3-0: Called Strike
3-1: Swinging Strike
3-2: Foul Ball, location: 2F
3-2: Base on Balls
Batting: RHB Garry Maddox 0-0: Ball
1-0: Called Strike
1-1: Foul Ball, location: 2F
1-2: SINGLE (Groundball, 6D, EV 103.1 MPH)
Lyman Bostock to second
Lyman Bostock to third
Batting: SHB Ken Singleton 0-0: Ball
1-0: Fly out, F8 (Flyball, 8LXD, EV 96.9 MPH)
Top of the 8th over - 0 runs, 1 hit, 0 errors, 2 left on base; New York 2 - San Diego 1
BOTTOM OF THE 8TH
San Diego Padres batting - Pitching for New York Mets : RHP Matt Adams
Now at SS: Ray Knight
Batting: RHB Dennis Dungy 0-0: Ball
1-0: Ball
2-0: Foul Ball, location: 2F
2-1: Ball
3-1: Base on Balls
Batting: RHB Kelvin Moore 0-0: Grounds into double play, 4-6-3 (Groundball, 4, EV 82.5 MPH)
Batting: LHB Jerry McDonald 0-0: Ball
1-0: Ball
2-0: Foul Ball, location: 2F
2-1: Called Strike
2-2: Foul Ball, location: 2F
2-2: Strikes out swinging
Bottom of the 8th over - 0 runs, 0 hits, 0 errors, 0 left on base; New York 2 - San Diego 1
TOP OF THE 9TH
New York Mets batting - Pitching for San Diego Padres : RHP Skip Lockwood
Batting: RHB Jason Sickman 0-0: Ball
1-0: Fly out, F8 (Flyball, 8LM, EV 86.9 MPH)
Batting: RHB Bill Almon 0-0: SINGLE (Line Drive, 6MD, EV 98.1 MPH)
Batting: RHB Rick Burleson 0-0: Called Strike
0-1: Foul Ball, location: 2F
0-2: Ball
1-2: Ball
2-2: Foul Ball, location: 2F
2-2: Foul Ball, location: 2F
2-2: Ball
3-2: Base on Balls
Bill Almon to second
Pinch Hitting: LHB Roy E Johnson 0-0: Ball
1-0: Swinging Strike
1-1: Ball
2-1: Fielders Choice at 2nd, 3-6 (Groundball, 3, EV 91.9 MPH)
Bill Almon to third
Batting: LHB John Kruk 0-0: Ball
1-0: SINGLE (Flyball, 7LM, EV 92.5 MPH)
Bill Almon scores
Roy E Johnson to second
Batting: RHB Gary Redus 0-0: Ball
John Kruk steals 2nd base
Roy E Johnson steals 3rd base
1-0: Ball
2-0: Ball
3-0: Called Strike
3-1: SINGLE (Line Drive, 9S, EV 105.0 MPH)
Roy E Johnson scores
John Kruk to third
Throwing error, E9
John Kruk scores
Gary Redus to second
Pitching: LHP Jack W O'Connor
Batting: LHB Lyman Bostock 0-0: Called Strike
0-1: Ball
1-1: Ball
2-1: Called Strike
2-2: Foul Ball, location: 2F
2-2: Ball
3-2: Strikes out swinging
Top of the 9th over - 3 runs, 3 hits, 1 error, 1 left on base; New York 5 - San Diego 1
BOTTOM OF THE 9TH
San Diego Padres batting - Pitching for New York Mets : RHP Matt Adams
Pitching: LHP William Scholl
Batting: LHB Darrell Porter 0-0: Foul Ball, location: 2F
0-1: Foul Ball, location: 2F
0-2: Ball
1-2: Fly out, F7 (Line Drive, 7, EV 101.3 MPH)
Batting: LHB Eric Attaway 0-0: Fly out, F8 (Flyball, 8LM, EV 95.6 MPH)
Batting: LHB Jeffrey Zitek 0-0: Ball
1-0: Swinging Strike
1-1: Foul Ball, location: 2F
1-2: Ball
2-2: Foul Ball, location: 2F
2-2: Fly out, F6 (Popup, 6MS, EV 84.4 MPH)
Bottom of the 9th over - 0 runs, 0 hits, 0 errors, 0 left on base; New York 5 - San Diego 1
Thursday, July 23rd, 2020 - OOTP Baseball 21.5 Build 71